 Dungeon Crawl Stone Soup version 0.29.0-4-gdea44cf6ec (webtiles) character file.

Game seed: 11193573342988548018

3586 qw the Cleaver (level 10, -9/59 HPs)
             Began as a Tengu Warper on Aug 28, 2022.
             Was a Priest of Okawaru.
             Killed by vampiric draining
             ... invoked by a vampire
              (18 damage)
             ... on level 9 of the Dungeon.
             The game lasted 00:00:54 (9505 turns).

qw the Cleaver (Tengu Warper)                       Turns: 9505, Time: 00:00:54

Health: -9/59      AC: 14    Str: 15    XL:     10   Next: 10%
Magic:  14/14      EV: 10    Int: 14    God:    Okawaru [***...]
Gold:   60         SH:  0    Dex: 14    Spells: 13/13 levels left

rFire   . . .      SeeInvis .   Y - +1 broad axe (elec)
rCold   . . .      Faith    .   (no shield)
rNeg    . . .      Spirit   .   j - +0 plate armour
rPois   .          Reflect  .   (helmet restricted)
rElec   .          Harm     .   o - +0 cloak
rCorr   .          Rampage  .   (no gloves)
Will    .....                   (boots unavailable)
Stlth   ..........              (no amulet)
HPRegen 0.19/turn               k - +4 ring of evasion
MPRegen 0.14/turn               d - +4 ring of slaying {mikee}

@: flying quickly and evasively, quick
A: beak, talons 3, nimble flight
a: Renounce Religion, Heroism


You were on level 9 of the Dungeon.
You worshipped Okawaru.
Okawaru was most pleased with you.
You visited 1 branch of the dungeon, and saw 9 of its levels.

You collected 513 gold pieces.
You spent 453 gold pieces at shops.


Innate Abilities, Weirdness & Mutations

You have a beak for a mouth.
You have claws for feet.
Your magical nature lets you fly swiftly and evasively.


   Skills:
 + Level 5.5 Fighting
 - Level 12.2 Axes
 - Level 1.0 Throwing
 - Level 6.0 Armour
 - Level 2.1 Dodging
 - Level 2.0 Spellcasting
 - Level 2.4 Translocations
 - Level 4.0 Invocations


You had 13 spell levels left.
You didn't know any spells.
Your spell library contained the following spells:

 Spells                   Type           Power      Damage    Failure   Level
 Blink                    Tloc           16%        N/A       100%        2
 Gell's Gravitas          Tloc           8%         N/A       100%        3
 Lesser Beckoning         Tloc           8%         N/A       100%        3
 Teleport Other           Tloc           8%         N/A       100%        3
 Manifold Assault         Tloc           8%         N/A       100%        5

Inventory:

Hand Weapons
 e - a +1 morningstar of freezing
 Y - a +1 broad axe of electrocution (weapon)
Missiles
 b - 2 boomerangs (quivered)
Armour
 j - a +0 plate armour (worn)
 o - a +0 cloak (worn)
Jewellery
 d - a +4 ring of slaying (right hand) {mikee}
 k - a +4 ring of evasion (left hand)
Scrolls
 f - a scroll of teleportation
 g - a scroll of identify
Potions
 c - a potion of haste
 i - a potion of might
 l - a potion of attraction {unknown}

Dungeon Overview and Level Annotations

Branches:
Dungeon (9/15)             Temple (0/1) D:4            Lair (0/5) D:8
    Orc: D:9-12

Altars:
Ashenzari
Cheibriados
Dithmenos
Fedhas
Kikubaaqudgha
Makhleb
Nemelex Xobeh
Okawaru
Sif Muna
Uskayaw
Wu Jian
Xom
Yredelemnul
Zin
The Shining One

Shops:
D:3 [   D:7 *   D:8 (*:=


Message History

You barely miss the centaur. You barely miss something.
The centaur closely misses you. The centaur barely misses you.
You hear some strange, mumbled words.
You are confused.
You barely miss the centaur. You claw the centaur.
The centaur is moderately wounded.
You closely miss something.
The centaur hits you but does no damage.
The centaur barely misses you. The centaur misses you.
The centaur barely misses you.
You barely miss the centaur. You claw the centaur.
The centaur is moderately wounded.
You miss something. Something hits you but does no damage. Something bites you!
Something draws strength from your injuries!
The centaur closely misses you.
The centaur kicks you but does no damage.
You barely miss the centaur. You peck the centaur!
The centaur is severely wounded.
You miss something. The centaur barely misses you.
The centaur kicks you but does no damage.
Something draws life force from you!
The centaur hits you but does no damage.
The centaur closely misses you.
You slash something! You slash the centaur!
You kill the centaur!
Okawaru accepts your kill. Something draws life force from you!
You're too confused to attack without stumbling around!
You start resting.
Something hits you but does no damage. Something bites you but does no damage.
You're too confused to attack without stumbling around!
You start resting.
Something hits you but does no damage. Something bites you but does no damage.
You're too confused to attack without stumbling around!
You start resting.
You feel less confused. Something draws life force from you!!
You die...

#.# #.#..
#.#.# #
#.#.#####.#..
#.#..........
#..........#
#....)##...#.
#$..@.......>
#..<..######.
#.....#
###.### #.#
#.. ###


There were no monsters in sight!

Vanquished Creatures
  A cyclops (D:8)
  A steam dragon (D:7)
  2 water moccasins
  A sky beast (D:6)
  3 ice beasts
  5 orc warriors
  A black bear (D:6)
  2 ogres
  4 centaurs
  A phantom (D:5)
  A gnoll sergeant (D:7)
  3 bullfrogs
  A scorpion (D:7)
  A howler monkey (D:8)
  A crimson imp (D:5)
  A hound (D:4)
  3 jellies (D:6)
  6 orc priests
  Jessica (D:2)
  6 iguanas
  9 orc wizards
  7 adders
  8 gnolls
  4 white imps
  An ufetubus (D:6)
  3 worms
  2 dart slugs
  26 orcs
  6 ball pythons
  3 bats
  10 endoplasms
  5 giant cockroaches
  10 goblins
  10 hobgoblins
  6 jackals
  8 kobolds
  3 quokkas
  5 frilled lizards
  8 rats
179 creatures vanquished.

Vanquished Creatures (others)
  2 bushes (D:8)
2 creatures vanquished.

Grand Total: 181 creatures vanquished

Notes
Turn   | Place    | Note
-------+----------+-------------------------------------------
     0 | D:1      | qw the Tengu Warper began the quest for the Orb.
     0 | D:1      | Reached XP level 1. HP: 12/12 MP: 4/4
     0 | D:1      | 0 ||| qw: Version: 0.1-a-89-g26bdef1
     0 | D:1      | 0 ||| qw: Game counter: 1854
     0 | D:1      | 0 ||| qw: Always use a shield: true
     0 | D:1      | 0 ||| qw: God list: Okawaru
     0 | D:1      | 0 ||| qw: Allow faded altars: false
     0 | D:1      | 0 ||| qw: Do Orc after D:15 true
     0 | D:1      | 0 ||| qw: Do second Lair branch before Depths: true
     0 | D:1      | 0 ||| qw: Lair rune preference: random
     0 | D:1      | 0 ||| qw: Plans: Normal
     0 | D:1      | 0 ||| PLANNING D:1-11
   247 | D:1      | Reached XP level 2. HP: 17/17 MP: 6/6
   289 | D:1      | Reached skill level 3 in Axes
   315 | D:1      | 315 ||| Stepping ~*~*~tactically~*~*~ (stealth).
   322 | D:1      | 322 ||| Stepping ~*~*~tactically~*~*~ (stealth).
   449 | D:1      | Reached XP level 3. HP: 21/21 MP: 7/7
   621 | D:1      | 621 ||| DROPPING amulet of magic regeneration.
   622 | D:1      | 622 ||| UPGRADING to +4 ring of evasion.
   623 | D:1      | 623 ||| READING scroll labelled RUNUTW POQUUZE.
   624 | D:1      | 624 ||| READING 4 scrolls labelled BIBEIW KOPU.
   625 | D:1      | 625 ||| DRINKING 2 bubbling red potions.
   626 | D:1      | 626 ||| READING 3 scrolls of identify.
   626 | D:1      | 626 ||| IDENTIFYING brown potion
   627 | D:1      | 627 ||| DROPPING scroll of blinking.
   628 | D:1      | 628 ||| DROPPING potion of brilliance.
   802 | D:2      | 802 ||| Stepping ~*~*~tactically~*~*~ (stealth).
   809 | D:2      | Reached skill level 4 in Axes
  1304 | D:2      | 1304 ||| Stepping ~*~*~tactically~*~*~ (stealth).
  1307 | D:2      | 1307 ||| Stepping ~*~*~tactically~*~*~ (stealth).
  1312 | D:2      | Reached XP level 4. HP: 19/26 MP: 8/8
  1432 | D:2      | 1432 ||| Stepping ~*~*~tactically~*~*~ (stealth).
  1537 | D:2      | 1537 ||| Stepping ~*~*~tactically~*~*~ (stealth).
  1695 | D:2      | Noticed Jessica
  1699 | D:2      | Killed Jessica
  1700 | D:2      | Reached skill level 5 in Axes
  1810 | D:2      | 1810 ||| UPGRADING to +0 ring mail.
  1820 | D:2      | 1820 ||| DROPPING +0 leather armour.
  1821 | D:2      | 1821 ||| READING scroll labelled MUELAEVV YLIT.
  1966 | D:2      | 1966 ||| READING 2 scrolls labelled FESERI TISMAMM.
  1967 | D:2      | 1967 ||| READING scroll labelled KIANNE YCVIS VYQO.
  1968 | D:2      | 1968 ||| READING 3 scrolls of identify.
  1968 | D:2      | 1968 ||| IDENTIFYING fizzy clear potion
  1969 | D:2      | 1969 ||| READING 2 scrolls of identify.
  1969 | D:2      | 1969 ||| IDENTIFYING amethyst potion
  1970 | D:2      | 1970 ||| DROPPING potion of flight.
  1971 | D:2      | 1971 ||| DROPPING potion of magic.
  1972 | D:2      | 1972 ||| DROPPING scroll of vulnerability.
  2006 | D:3      | Found a faded altar of an unknown god.
  2116 | D:3      | Found a basalt altar of Yredelemnul.
  2221 | D:3      | Found Imagay's Antique Armour Shop.
  2237 | D:3      | 2237 ||| SHOPLISTING +3 crown of Dyrovepreva {rElec Int+2
                  | SInv} (828 gold, have 189).
  2237 | D:3      | 2237 ||| BUYING dyed leather armour (100 gold).
  2237 | D:3      | Bought a dyed leather armour for 100 gold pieces
  2237 | D:3      | 2237 ||| SHOPLISTING glowing scarf (160 gold, have 89).
  2237 | D:3      | 2237 ||| BUYING scale mail (80 gold).
  2237 | D:3      | Bought a scale mail for 80 gold pieces
  2237 | D:3      | 2237 ||| SWAPPING to +0 war axe.
  2238 | D:3      | 2238 ||| DROPPING +0 hand axe.
  2330 | D:3      | Gained mutation: Your magical nature lets you fly swiftly
                  | and evasively. [Tengu growth]
  2330 | D:3      | Reached XP level 5. HP: 30/30 MP: 9/9
  2679 | D:3      | 2679 ||| DROPPING +3 leather armour.
  2680 | D:3      | 2680 ||| UPGRADING to +0 scale mail.
  2690 | D:3      | 2690 ||| DROPPING +0 ring mail.
  2691 | D:3      | 2691 ||| UPGRADING to +0 cloak.
  2696 | D:3      | 2696 ||| READING scroll labelled LANIGE GA OGEL.
  2697 | D:3      | 2697 ||| READING scroll labelled YTUTUAFORA.
  2698 | D:3      | 2698 ||| READING scroll labelled NATEAG IH DEUKK.
  2699 | D:3      | 2699 ||| READING 2 scrolls of identify.
  2699 | D:3      | 2699 ||| IDENTIFYING murky yellow potion
  2700 | D:3      | 2700 ||| DROPPING potion of degeneration.
  2701 | D:3      | 2701 ||| Stepping randomly (stuck).
  2702 | D:3      | 2702 ||| Stepping ~*~*~tactically~*~*~ (cloud).
  2874 | D:4      | Found a broken altar of Ashenzari.
  2876 | D:4      | Found an ancient bone altar of Kikubaaqudgha.
  2882 | D:4      | Found a glowing silver altar of Zin.
  2885 | D:4      | Found a shimmering altar of Xom.
  2887 | D:4      | Found a shimmering blue altar of Sif Muna.
  2892 | D:4      | Found an iron altar of Okawaru.
  2897 | D:4      | Became a worshipper of Warmaster Okawaru
  3000 | D:4      | 3000 ||| READING scroll of brand weapon.
  3000 | D:4      | 3000 ||| BRANDING +1 war axe of venom.
  3019 | D:4      | Noticed an ogre
  3022 | D:4      | 3022 ||| Stepping ~*~*~tactically~*~*~ (stealth).
  3026 | D:4      | Killed an ogre
  3027 | D:4      | Reached skill level 6 in Axes
  3030 | D:4      | Reached XP level 6. HP: 35/35 MP: 10/10
  3033 | D:4      | Reached skill level 7 in Axes
  3064 | D:4      | Found a staircase to the Ecumenical Temple.
  3203 | D:4      | Found a snail-covered altar of Cheibriados.
  3203 | D:4      | Found a burning altar of Makhleb.
  3593 | D:4      | Found a shadowy altar of Dithmenos.
  3671 | D:4      | Found a sparkling altar of Nemelex Xobeh.
  3745 | D:4      | 3745 ||| READING scroll labelled WULIMAU QALL.
  3749 | D:4      | 3749 ||| READING scroll labelled EGIRUC LAQA.
  3767 | D:5      | Entered Level 5 of the Dungeon
  3780 | D:5      | 3780 ||| FLEEEEING.
  3781 | D:5      | 3781 ||| FLEEEEING.
  3786 | D:5      | Reached skill level 3 in Fighting
  3789 | D:5      | 3789 ||| STAIRDANCE
  4494 | D:5      | Reached * piety under Okawaru
  4495 | D:5      | Reached XP level 7. HP: 39/41 MP: 11/11
  4625 | D:5      | 4625 ||| Stepping ~*~*~tactically~*~*~ (hiding).
  4648 | D:5      | Reached skill level 8 in Axes
  4764 | D:5      | Reached skill level 1 in Invocations
  4934 | D:5      | 4934 ||| UPGRADING to +0 chain mail.
  4944 | D:5      | 4944 ||| DROPPING +0 scale mail.
  4978 | D:6      | 4978 ||| INVOKING Heroism.
  4985 | D:6      | 4985 ||| Stepping ~*~*~tactically~*~*~ (stealth).
  4986 | D:6      | 4986 ||| Stepping ~*~*~tactically~*~*~ (stealth).
  4987 | D:6      | 4987 ||| Stepping ~*~*~tactically~*~*~ (stealth).
  4988 | D:6      | 4988 ||| Stepping ~*~*~tactically~*~*~ (stealth).
  4989 | D:6      | 4989 ||| Stepping ~*~*~tactically~*~*~ (stealth).
  4990 | D:6      | 4990 ||| Stepping ~*~*~tactically~*~*~ (stealth).
  4998 | D:6      | 4998 ||| INVOKING Heroism.
  5103 | D:6      | 5103 ||| INVOKING Heroism.
  5201 | D:6      | 5201 ||| INVOKING Heroism.
  5206 | D:6      | Reached skill level 3 in Armour
  5265 | D:6      | 5265 ||| INVOKING Heroism.
  5295 | D:6      | 5295 ||| Stepping ~*~*~tactically~*~*~ (hiding).
  5300 | D:6      | 5300 ||| Stepping ~*~*~tactically~*~*~ (stealth).
  5306 | D:6      | Reached XP level 8. HP: 35/46 MP: 12/12
  5306 | D:6      | 5306 ||| FLEEEEING.
  5307 | D:6      | 5307 ||| FLEEEEING.
  5308 | D:6      | 5308 ||| FLEEEEING.
  5309 | D:6      | 5309 ||| FLEEEEING.
  5310 | D:6      | 5310 ||| FLEEEEING.
  5311 | D:6      | 5311 ||| FLEEEEING.
  5312 | D:6      | 5312 ||| FLEEEEING.
  5313 | D:6      | 5313 ||| FLEEEEING.
  5314 | D:6      | 5314 ||| FLEEEEING.
  5315 | D:6      | 5315 ||| FLEEEEING.
  5316 | D:6      | 5316 ||| FLEEEEING.
  5317 | D:6      | 5317 ||| FLEEEEING.
  5318 | D:6      | 5318 ||| FLEEEEING.
  5320 | D:6      | 5320 ||| FLEEEEING.
  5321 | D:6      | 5321 ||| STAIRDANCE
  5376 | D:5      | 5376 ||| UPGRADING to +4 ring of slaying {mikee}.
  5383 | D:6      | 5383 ||| DROPPING +0 whip.
  5409 | D:6      | 5409 ||| Stepping ~*~*~tactically~*~*~ (hiding).
  5570 | D:6      | Found a hide-covered altar of Uskayaw.
  5570 | D:6      | Noticed a +0 dagger
  5570 | D:6      | Noticed a +0 hand axe
  5571 | D:6      | 5571 ||| READING 2 scrolls of identify.
  5571 | D:6      | 5571 ||| IDENTIFYING fizzy dark potion
  5572 | D:6      | 5572 ||| Stepping randomly (stuck).
  5573 | D:6      | 5573 ||| Stepping randomly (stuck).
  5582 | D:6      | 5582 ||| INVOKING Heroism.
  5586 | D:6      | Reached skill level 3 in Invocations
  5787 | D:6      | Identified the +0 helmet of Least Resistance {Fly rPois rC-
                  | rN+++}
  5812 | D:6      | Found an ornate altar of the Wu Jian Council.
  5927 | D:6      | 5927 ||| READING 2 scrolls of identify.
  5927 | D:6      | 5927 ||| IDENTIFYING bubbling purple potion
  5928 | D:6      | 5928 ||| DROPPING potion of lignification.
  6008 | D:7      | 6008 ||| Stepping ~*~*~tactically~*~*~ (hiding).
  6010 | D:7      | 6010 ||| INVOKING Heroism.
  6017 | D:7      | Reached skill level 9 in Axes
  6141 | D:7      | Reached ** piety under Okawaru
  6194 | D:7      | 6194 ||| Stepping ~*~*~tactically~*~*~ (hiding).
  6195 | D:7      | 6195 ||| INVOKING Heroism.
  6370 | D:7      | 6370 ||| Stepping ~*~*~tactically~*~*~ (hiding).
  6371 | D:7      | 6371 ||| Stepping ~*~*~tactically~*~*~ (hiding).
  6578 | D:7      | Found Diuwetwy's Mayhem Merchandise.
  6589 | D:7      | 6589 ||| BUYING +0 broad axe (52 gold).
  6589 | D:7      | Bought a +0 broad axe for 52 gold pieces
  6589 | D:7      | 6589 ||| BUYING +1 broad axe of electrocution (221 gold).
  6589 | D:7      | Bought a +1 broad axe of electrocution for 221 gold pieces
  6589 | D:7      | 6589 ||| SWAPPING to +1 broad axe of electrocution.
  6590 | D:7      | 6590 ||| DROPPING +0 broad axe.
  6591 | D:7      | 6591 ||| DROPPING +1 war axe of electrocution.
  6659 | D:7      | Found a glowing golden altar of the Shining One.
  6769 | D:7      | 6769 ||| INVOKING Heroism.
  6776 | D:7      | Reached skill level 10 in Axes
  6776 | D:7      | Reached XP level 9. HP: 52/52 MP: 11/13
  6796 | D:7      | 6796 ||| INVOKING Heroism.
  6839 | D:7      | 6839 ||| FLEEEEING.
  6961 | D:7      | 6961 ||| FLEEEEING.
  6967 | D:7      | 6967 ||| FLEEEEING.
  6968 | D:7      | 6968 ||| FLEEEEING.
  6969 | D:7      | 6969 ||| FLEEEEING.
  6970 | D:7      | 6970 ||| FLEEEEING.
  6971 | D:7      | 6971 ||| FLEEEEING.
  6982 | D:7      | 6982 ||| FLEEEEING.
  6983 | D:7      | 6983 ||| FLEEEEING.
  6984 | D:7      | 6984 ||| FLEEEEING.
  6995 | D:7      | 6995 ||| FLEEEEING.
  7004 | D:7      | 7004 ||| STAIRDANCE
  7083 | D:6      | 7083 ||| UPGRADING to +0 plate armour.
  7093 | D:6      | 7093 ||| DROPPING +0 chain mail.
  7094 | D:6      | 7094 ||| READING scroll labelled KICKEOS LE WACW.
  7097 | D:7      | 7097 ||| INVOKING Heroism.
  7483 | D:7      | 7483 ||| READING 2 scrolls of identify.
  7483 | D:7      | 7483 ||| IDENTIFYING yellow potion
  7526 | D:8      | Found Vaen's Weapon Emporium.
  7526 | D:8      | Found Ojutos's Assorted Antiques.
  7527 | D:8      | 7527 ||| INVOKING Heroism.
  7536 | D:8      | 7536 ||| FLEEEEING.
  7537 | D:8      | 7537 ||| DRINKING potion of curing.
  7537 | D:8      | 7537 ||| (to cure confusion)
  7697 | D:8      | 7697 ||| SHOPLISTING +2 demon whip of venom (390 gold, have
                  | 23).
  7709 | D:8      | 7709 ||| SHOPLISTING orange potion (30 gold, have 23).
  7709 | D:8      | 7709 ||| SHOPLISTING potion of might (136 gold, have 23).
  7709 | D:8      | 7709 ||| SHOPLISTING scroll of identify (68 gold, have 23).
  7709 | D:8      | 7709 ||| SHOPLISTING small bone amulet (170 gold, have 23).
  7910 | D:8      | 7910 ||| Stepping ~*~*~tactically~*~*~ (stealth).
  7916 | D:8      | 7916 ||| INVOKING Heroism.
  7983 | D:8      | Found Baceng's Jewellery Emporium.
  7989 | D:8      | 7989 ||| SHOPLISTING amulet of regeneration (390 gold, have
                  | 35).
  7989 | D:8      | 7989 ||| SHOPLISTING amulet of the acrobat (390 gold, have
                  | 35).
  7989 | D:8      | 7989 ||| SHOPLISTING ring of fire (325 gold, have 35).
  8013 | D:8      | Found Naar's Book Shop.
  8117 | D:8      | 8117 ||| Stepping ~*~*~tactically~*~*~ (stealth).
  8119 | D:8      | Found a blossoming altar of Fedhas.
  8121 | D:8      | 8121 ||| Stepping ~*~*~tactically~*~*~ (hiding).
  8327 | D:8      | Reached skill level 11 in Axes
  8536 | D:8      | 8536 ||| INVOKING Heroism.
  8540 | D:8      | HP: 13/54 [poisoned by a water moccasin]
  8545 | D:8      | HP: 7/54 [poisoned by a water moccasin]
  8835 | D:8      | Found a staircase to the Lair.
  8891 | D:8      | 8891 ||| Stepping ~*~*~tactically~*~*~ (stealth).
  8892 | D:8      | 8892 ||| Stepping ~*~*~tactically~*~*~ (hiding).
  8893 | D:8      | 8893 ||| Stepping ~*~*~tactically~*~*~ (hiding).
  8926 | D:8      | Noticed a cyclops
  8927 | D:8      | 8927 ||| INVOKING Heroism.
  8930 | D:8      | Killed a cyclops
  8930 | D:8      | Reached *** piety under Okawaru
  8931 | D:8      | Reached skill level 12 in Axes
  9281 | D:8      | 9281 ||| READING 2 scrolls of teleportation.
  9282 | D:8      | 9282 ||| STAIRDANCE
  9353 | D:9      | 9353 ||| STAIRDANCE
  9355 | D:8      | 9355 ||| INVOKING Heroism.
  9359 | D:8      | Reached XP level 10. HP: 46/59 MP: 11/14
  9428 | D:9      | 9428 ||| STAIRDANCE
  9459 | D:9      | 9459 ||| STAIRDANCE
  9461 | D:8      | 9461 ||| INVOKING Heroism.
  9464 | D:8      | Reached skill level 6 in Armour
  9489 | D:9      | 9489 ||| Stepping ~*~*~tactically~*~*~ (hiding).
  9490 | D:9      | 9490 ||| Stepping ~*~*~tactically~*~*~ (hiding).
  9495 | D:9      | 9495 ||| Stepping ~*~*~tactically~*~*~ (stealth).
  9502 | D:9      | HP: 8/59 [something (13)]
  9505 | D:9      | Killed from afar by a vampire

Levels and vault maps discovered:
D:1:      matt_arrival_grand_opening, layout_loops_ring, minmay_tiny_reverse_x
D:2:      minmay_razor_zed, layout_basic, minivault_14, uniq_jessica
D:3:      layout_loops_ring, lemuel_tele_altar,
          ebering_ecumenical_altar_sacrificial, serial_shops,
          nicolae_shop_competitors_out_of_business, minmay_door_square
D:4:      layout_basic, nemelex_diamond_rough_becter,
          gammafunk_temple_overflow_elements, mainiacjoe_overflow_24_doors,
          nicolae_overflow_hallway_of_the_gods, temple_pool_b
D:5:      layout_loops_ring, grunt_ministairs_13, serial_park_tiny_pond,
          minmay_fire_ice_demons
D:6:      hellmonk_ruined_rings, layout_loops_ring, dancing_weapons_uskayaw,
          nzn_wu_jian_council_hall
D:7:      layout_cave_pods, tso_altar, minmay_shop_mayhem
D:8:      layout_basic, fedhas_bush_and_centaur_altar, lair_entry_dummy,
          serial_shops, nicolae_shop_overgrown_old_shop, nicolae_stop_n_shop_2,
          nicolae_take_the_stairs, shop, kennysheep_just_a_vault
D:9:      layout_loops_ring, enter_bailey_8, kennysheep_small_square

Skill      XL: |  1  2  3  4  5  6  7  8  9 10 |
---------------+-------------------------------+-----
Axes           | 3 4 5 6 7 8 10 12 | 12.2
Fighting       | 3 4 5 |  5.5
Invocations    | 2 4 |  4.0
Armour         | 3 5 6 |  6.0
Throwing       | |  1.0
Dodging        | |  2.1
Spellcasting   | |  2.0
Translocations | |  2.4

Action                   |  1- 3 |  4- 6 |  7- 9 | 10-12 || total
-------------------------+-------+-------+-------+-------++-------
Melee: Hand axe          |    45 |    26 |       |       ||    71
       Kick              |     9 |    25 |    47 |     5 ||    86
       Peck              |     3 |    13 |    18 |     4 ||    38
       Punch             |     1 |       |     4 |       ||     5
       War axe           |       |    66 |    96 |       ||   162
       Broad axe         |       |       |    70 |    16 ||    86
Throw: Boomerang         |    41 |    55 |    45 |       ||   141
Invok: Heroism           |       |       |    16 |     1 ||    17
  Use: Scroll            |     3 |    12 |     5 |       ||    20
       Potion            |     1 |       |     1 |       ||     2
Armor: Leather armour    |     7 |     1 |       |       ||     8
       Ring mail         |       |     2 |       |       ||     2
       Scale mail        |       |     7 |     4 |       ||    11
       Chain mail        |       |       |    26 |       ||    26
       Plate armour      |       |       |    17 |    22 ||    39
Dodge: Dodged            |    30 |    41 |    82 |    20 ||   173

Table legend:
 A = Non-vault XP
 B = Vault XP
 C = Vault XP percentage of total XP
 D = Non-vault monster count
 E = Vault monster count
 F = Vault count percentage of total count
                 A         B        C        D         E       F
            +---------+---------+-------+---------+---------+-------
      Total |    4342 |     781 |  15.2 |     157 |      22 |  12.3
            +---------+---------+-------+---------+---------+-------
        D:1 |      33 |       3 |   8.3 |      18 |       2 |  10.0
        D:2 |      40 |      63 |  61.2 |      17 |      14 |  45.2
        D:3 |      33 |       0 |   0.0 |      18 |       0 |   0.0
        D:4 |     266 |       0 |   0.0 |      17 |       0 |   0.0
        D:5 |     291 |      84 |  22.4 |      13 |       4 |  23.5
        D:6 |     625 |       0 |   0.0 |      19 |       0 |   0.0
        D:7 |    1419 |       0 |   0.0 |      22 |       0 |   0.0
        D:8 |    1491 |     631 |  29.7 |      31 |       2 |   6.1
        D:9 |     144 |       0 |   0.0 |       2 |       0 |   0.0
            +---------+---------+-------+---------+---------+-------
